 Dungeon Crawl Stone Soup version 0.20.0-15-g7f486f2 (webtiles) character file.

31500 vishdafish the Bludgeoner (level 13, -4/183 HPs)
             Began as a Minotaur Berserker on June 24, 2017.
             Was a High Priest of Trog.
             Killed by mirror damage (11 damage)
             ... on level 14 of the Dungeon.
             The game lasted 00:41:09 (14138 turns).

vishdafish the Bludgeoner (Minotaur Berserker)     Turns: 14138, Time: 00:41:11

Health: -4/183     AC: 16    Str: 28    XL:     13   Next: 26%
Magic:  12/12      EV: 14    Int:  4    God:    Trog [*****.]
Gold:   713        SH:  0    Dex: 14    Spells: 12/12 levels left

rFire    + . .     SeeInvis .   K - +1 great mace
rCold    . . .     Gourm    .   (shield currently unavailable)
rNeg     . . .     Faith    .   X - +2 chain mail {rF+}
rPois    +         Spirit   .   (helmet restricted)
rElec    .         Reflect  .   v - +0 cloak
rCorr    .         Harm     .   x - +0 pair of gloves
MR       .....                  (no boots)
Stlth    ..........             (no amulet)
Regen    0.4/turn               H - +2 ring of dexterity
MPRegen  0.2/turn               k - +3 ring of slaying

@: berserking (expiring), vulnerable, slowed
A: retaliatory headbutt, claws 1, horns 2, magic resistance 1, poison
resistance, screaming 1, weak 1, wild magic 1, no potion heal 1
a: Berserk, Trog's Hand, Brothers in Arms, Burn Spellbooks, Renounce Religion


You were on level 14 of the Dungeon.
You worshipped Trog.
Trog was extremely pleased with you.
You were not hungry.

You visited 1 branch of the dungeon, and saw 14 of its levels.
You also visited: Sewer and Ossuary.

You collected 873 gold pieces.
You spent 160 gold pieces at shops.

Inventory:

Hand Weapons
 d - a +1 dire flail of crushing
 z - a +1 mace of protection
 K - a +1 great mace (weapon)
 N - a +6 hunting sling of flaming
 Z - the +4 quarterstaff of Fortitude {antimagic, Str+2 Int+4}
   (Trog gifted it to you on level 11 of the Dungeon)

   It reduces the magical energy of the wielder, and disrupts the spells and
   magical abilities of those hit.
   Natural abilities and divine invocations are not affected.
   It affects your strength (+2).
   It affects your intelligence (+4).
Missiles
 P - 74 sling bullets (quivered)
Armour
 v - a +0 cloak (worn)
 x - a +0 pair of gloves (worn)
 y - a +1 helmet
 M - a +2 ring mail of cold resistance
 X - a +2 chain mail of fire resistance (worn)
Jewellery
 f - a +2 ring of intelligence
 k - a +3 ring of slaying (right hand)
 n - an uncursed ring of resist corrosion
 H - a +2 ring of dexterity (left hand)
 W - a +2 ring of intelligence
Wands
 a - a wand of random effects (24/48)
 b - a wand of scattershot (1/9)
 Q - a wand of flame (18/48)
 R - a wand of iceblast (0/15)
 T - a wand of clouds (3/9)
 V - a wand of confusion (26/48)
 Y - a wand of paralysis (10/24)
Scrolls
 c - 2 scrolls of enchant armour {unknown}
 e - 6 scrolls of enchant weapon
 h - 3 scrolls of teleportation
 j - 7 scrolls of remove curse
 q - 2 scrolls of immolation
 s - a scroll of magic mapping {unknown}
 w - 5 scrolls of recharging {unknown}
 A - 3 scrolls of amnesia {unknown}
 B - 2 scrolls of vulnerability {unknown}
 C - 2 scrolls of noise {unknown}
 E - 4 scrolls of fog {unknown}
 F - 2 scrolls of fear {unknown}
 L - a scroll of acquirement {unknown}
 O - 4 scrolls of blinking {unknown}
 U - 2 scrolls of identify
Potions
 g - 2 potions of berserk rage
 l - 7 potions of curing
 m - 6 potions of lignification
 o - 3 potions of magic
 p - a potion of ambrosia
 r - 4 potions of agility
 u - 6 potions of brilliance
 D - 3 potions of flight
 G - a potion of resistance
 I - 2 potions of might {unknown}
 J - a potion of heal wounds {unknown}
 S - a potion of haste
Comestibles
 i - 14 royal jellies
 t - 18 fruits


   Skills:
 + Level 13.1 Fighting
 * Level 16.9(17.3) Maces & Flails
 - Level 7.0(13.1) Staves
 - Level 5.1 Slings
 + Level 9.8 Armour
 + Level 9.2 Dodging
 - Level 1.0 Stealth
 + Level 0.6 Evocations


You had 12 spell levels left.
You didn't know any spells.

Dungeon Overview and Level Annotations

Branches:
Dungeon (14/15)            Temple (0/1) D:5            Lair (0/6) D:11
    Orc (0/2) D:12
 Vaults: D:13-14

Altars:
Dithmenos
Elyvilon
Fedhas
Hepliaklqana
Makhleb
Nemelex Xobeh
Okawaru
Qazlal
Ru
Xom
Zin

Shops:
D:5 :}!   D:12 [

Portals:
Trove: D:12 (give 2 scrolls of acquirement)


Innate Abilities, Weirdness & Mutations

You reflexively headbutt those who attack you in melee.
You have a pair of horns on your head.
You have sharp fingernails.
You are resistant to hostile enchantments. (MR+)
Your system is resistant to poisons. (rPois)
You occasionally shout uncontrollably at your foes.
You are weak. (Str -2)
Your spells are a little harder to cast, but a little more powerful.
Potions are less effective at restoring your health.


Message History

You closely miss the hound. You headbutt the hound!
You kill the hound!
Trog accepts your kill.
The death knight offers itself to Yredelemnul, and fills with unholy energy.
You are too berserk!
You closely miss the death knight.
The death knight hits you with an enchanted broad axe.
* * * LOW HITPOINT WARNING * * *
You closely miss the death knight. You headbutt the death knight!!
The death knight is moderately wounded.
The death knight reflects your damage back at you!
* * * LOW HITPOINT WARNING * * *
You bludgeon the death knight!!
The death knight is severely wounded.
The death knight reflects your damage back at you!
* * * LOW HITPOINT WARNING * * *
The death knight completely misses you. You furiously retaliate!
You headbutt the death knight!
The death knight reflects your damage back at you!
You die...

..............................#
...#.....###########.##.#######
....<#......# #.....##..#
....##.#.##.####.######..#
.........................>
.#.#####....####.######.#..
.#.# ###### #.######.#... ..##
#......#.#.... ....# #@.###.#
..#.# #p.# ..#.# ...# ### #
...## .#### .. ##


You could see a death knight.

Vanquished Creatures
  Snorg (D:13)
  Josephine (D:10)
  Fannar (D:11)
  2 hydras
  Harold (D:11)
  2 centaur warriors
  4 two-headed ogres
  The ghost of Agrougrou the Thaumaturge, a journeyman DECj of Vehumet (D:9)
  The ghost of theElss the Basher, a novice GrBe of Trog (D:8)
  An unseen horror (D:13)
  Pikel (D:5)
  A phantasmal warrior (D:14)
  8 deep elf magi
  A wolf spider zombie (D:13)
  2 ugly things (D:13)
  Maurice (D:11)
  3 centaur skeletons
  Joseph (D:8)
  Psyche (D:10)
  A kobold demonologist (D:13)
  An efreet (D:12)
  A komodo dragon (D:11)
  A freezing wraith (D:14)
  3 trolls
  A queen bee (D:9)
  2 hippogriffs
  Sigmund (D:3)
  4 wraiths
  A basilisk (D:13)
  13 yaks
  A hungry ghost (D:13)
  5 humans (D:10)
  A steam dragon (D:13)
  6 vampire mosquitoes (D:14)
  2 water moccasins
  A soldier ant (D:12)
  A black bear (D:4)
  4 orc warriors
  3 eyes of draining
  2 sky beasts
  2 ice beasts (D:10)
  A slave (D:5)
  4 phantoms
  3 necrophages
  4 centaurs
  3 ogres
  4 big kobolds
  8 bullfrogs
  Blork the orc (D:5)
  A wyvern zombie (D:13)
  A gnoll sergeant (D:6)
  5 scorpions
  28 killer bees
  5 wights (D:9)
  5 howler monkeys
  6 crimson imps
  3 bullfrog zombies
  A quasit (D:5)
  A centaur zombie (Ossuary)
  3 jellies
  A human zombie (Ossuary)
  An orc priest (D:3)
  Crazy Yiuf (D:2)
  13 hounds
  6 orc wizards
  4 bullfrog skeletons
  4 iguanas
  Terence (D:2)
  7 worker ants
  A big kobold zombie (Ossuary)
  2 hound skeletons
  3 mummies (Ossuary)
  11 gnolls
  A howler monkey skeleton (D:6)
  12 adders
  2 river rats (Sewer)
  2 shadow imps
  7 oozes
  An adder skeleton (D:6)
  4 worms
  3 dart slugs
  3 leopard geckos
  40 orcs
  5 ball pythons
  11 bats
  9 giant cockroaches
  2 gnoll zombies (Ossuary)
  5 goblins
  11 hobgoblins
  9 jackals
  13 kobolds
  2 quokkas
  5 frilled lizards
  A goblin zombie (Ossuary)
  A kobold zombie (Ossuary)
  An orc zombie (Ossuary)
  9 rats
392 creatures vanquished.

Vanquished Creatures (collateral kills)
  3 deep elf magi (D:14)
  A kobold demonologist (D:14)
  A wraith (D:10)
  A crimson imp (D:14)
  A jelly (D:10)
7 creatures vanquished.

Vanquished Creatures (others)
  2 slaves (D:5)
  An orc priest (D:5)
  An orc wizard (D:5)
  A hound skeleton (D:5)
  2 orcs (D:5)
  A giant cockroach (D:5)
  A plant (D:11)
9 creatures vanquished.

Grand Total: 408 creatures vanquished

Notes
Turn   | Place    | Note
-------+----------+-------------------------------------------
     0 | D:1      | vishdafish the Minotaur Berserker began the quest for the Orb.
     0 | D:1      | Reached XP level 1. HP: 19/19 MP: 0/0
    18 | D:1      | Reached XP level 2. HP: 18/27 MP: 1/1
    21 | D:1      | Reached skill level 4 in Maces & Flails
   362 | D:1      | Reached XP level 3. HP: 33/33 MP: 2/2
   538 | D:2      | Found an iron altar of Okawaru.
   539 | D:2      | Noticed Terence
   552 | D:2      | Killed Terence
   591 | D:2      | Reached ** piety under Trog
   591 | D:2      | Reached XP level 4. HP: 27/40 MP: 3/3
   656 | D:2      | Found a shadowy altar of Dithmenos.
   692 | D:2      | Found a glowing silver altar of Zin.
   978 | D:2      | Reached skill level 5 in Maces & Flails
  1404 | D:2      | Found a runed door.
  1492 | D:2      | Noticed Crazy Yiuf
  1509 | D:2      | Killed Crazy Yiuf
  1509 | D:2      | Reached XP level 5. HP: 39/47 MP: 4/4
  1621 | D:3      | Noticed Sigmund
  1629 | D:3      | Killed Sigmund
  1629 | D:3      | Reached skill level 6 in Maces & Flails
  1629 | D:3      | Reached XP level 6. HP: 50/53 MP: 5/5
  1715 | D:3      | Reached skill level 5 in Armour
  1927 | D:3      | Reached *** piety under Trog
  2019 | D:3      | Found a hazy altar of Hepliaklqana.
  2019 | D:3      | Found a burning altar of Makhleb.
  2361 | D:4      | Found a sand-covered staircase.
  2371 | Ossuary  | Entered an ossuary
  2452 | Ossuary  | Reached XP level 7. HP: 24/60 MP: 6/6
  2774 | Ossuary  | Reached skill level 5 in Fighting
  2774 | Ossuary  | Reached skill level 7 in Maces & Flails
  2965 | D:4      | Found a blossoming altar of Fedhas.
  3498 | D:5      | Entered Level 5 of the Dungeon
  3500 | D:5      | Noticed Pikel
  3515 | D:5      | Killed Pikel
  3515 | D:5      | Reached skill level 8 in Maces & Flails
  3515 | D:5      | Reached XP level 8. HP: 39/70 MP: 7/7
  3519 | D:5      | Reached skill level 9 in Maces & Flails
  3743 | D:5      | Found a staircase to the Ecumenical Temple.
  3761 | D:5      | Found Haenemih's Gadget Boutique.
  3832 | D:5      | Reached **** piety under Trog
  3840 | D:5      | Found Pidwaici's Distillery.
  3846 | D:5      | Bought a potion of mutation for 80 gold pieces
  3846 | D:5      | Bought a potion of mutation for 80 gold pieces
  3878 | D:5      | Found Reczil's Book Boutique.
  3945 | D:5      | Found a white marble altar of Elyvilon.
  3977 | D:5      | Reached skill level 1 in Stealth
  4162 | D:5      | Found a glowing drain.
  4166 | Sewer    | Entered a sewer
  4176 | Sewer    | Reached skill level 5 in Dodging
  4234 | Sewer    | Reached skill level 10 in Maces & Flails
  4433 | D:5      | Noticed Blork the orc
  4445 | D:5      | Killed Blork the orc
  4584 | D:5      | You fall through a shaft for 3 floors!
  4678 | D:8      | Noticed theElss's ghost (novice GrBe)
  4691 | D:8      | Killed theElss's ghost
  4691 | D:8      | Reached XP level 9. HP: 63/81 MP: 8/8
  5283 | D:6      | Reached skill level 11 in Maces & Flails
  5933 | D:7      | Found a sparkling altar of Nemelex Xobeh.
  5937 | D:7      | Found a shimmering altar of Xom.
  5964 | D:7      | Reached ***** piety under Trog
  6118 | D:7      | Reached skill level 12 in Maces & Flails
  6216 | D:8      | Noticed Joseph
  6230 | D:8      | Killed Joseph
  6230 | D:8      | Reached XP level 10. HP: 78/90 MP: 9/9
  6532 | D:8      | Found a sacrificial altar of Ru.
  6571 | D:8      | Found a stormy altar of Qazlal.
  6989 | D:9      | Reached skill level 1 in Slings
  8450 | D:9      | Noticed Agrougrou's ghost (journeyman DECj)
  8461 | D:9      | Killed Agrougrou's ghost
  8585 | D:9      | Reached skill level 5 in Slings
  8673 | D:10     | Entered Level 10 of the Dungeon
  8683 | D:10     | Reached skill level 10 in Fighting
  8722 | D:10     | Noticed Psyche
  8730 | D:10     | Killed Psyche
  8730 | D:10     | Reached skill level 13 in Maces & Flails
  8960 | D:10     | Reached XP level 11. HP: 74/100 MP: 10/10
  9252 | D:10     | Gained mutation: Your system is resistant to poisons. (rPois) [potion of mutation]
  9252 | D:10     | Gained mutation: You have large cloven feet. [potion of mutation]
  9252 | D:10     | Gained mutation: You are agile. (Dex +2) [potion of mutation]
  9254 | D:10     | Lost mutation: You are agile. (Dex +2) [potion of mutation]
  9254 | D:10     | Lost mutation: Your system is resistant to poisons. (rPois) [potion of mutation]
  9254 | D:10     | Lost mutation: You have large cloven feet. [potion of mutation]
  9254 | D:10     | Gained mutation: Your flesh is cold resistant. (rC+) [potion of mutation]
  9254 | D:10     | Gained mutation: You have large cloven feet. [potion of mutation]
  9254 | D:10     | Gained mutation: You are robust. (+10% HP) [potion of mutation]
  9279 | D:10     | Lost mutation: You are robust. (+10% HP) [potion of mutation]
  9279 | D:10     | Lost mutation: You have large cloven feet. [potion of mutation]
  9279 | D:10     | Lost mutation: Your flesh is cold resistant. (rC+) [potion of mutation]
  9279 | D:10     | Gained mutation: Your spells are a little harder to cast, but a little more powerful. [potion of mutation]
  9279 | D:10     | Gained mutation: You possess an exceptional clarity of mind. [potion of mutation]
  9279 | D:10     | Gained mutation: Your spells are harder to cast, but more powerful. [potion of mutation]
  9279 | D:10     | Gained mutation: You evolve. [potion of mutation]
  9280 | D:10     | Lost mutation: Your spells are harder to cast, but more powerful. [potion of mutation]
  9280 | D:10     | Gained mutation: You are agile. (Dex +2) [potion of mutation]
  9280 | D:10     | Gained mutation: You have sharp toenails. [potion of mutation]
  9282 | D:10     | Lost mutation: You have sharp toenails. [potion of mutation]
  9282 | D:10     | Lost mutation: You evolve. [potion of mutation]
  9282 | D:10     | Lost mutation: You possess an exceptional clarity of mind. [potion of mutation]
  9282 | D:10     | Lost mutation: You are agile. (Dex +2) [potion of mutation]
  9282 | D:10     | Gained mutation: Your system is resistant to poisons. (rPois) [potion of mutation]
  9282 | D:10     | Gained mutation: You occasionally shout uncontrollably at your foes. [potion of mutation]
  9282 | D:10     | Gained mutation: You are resistant to hostile enchantments. (MR+) [potion of mutation]
  9290 | D:10     | Lost mutation: Your spells are a little harder to cast, but a little more powerful. [mutagenic meat]
  9291 | D:10     | Gained mutation: Potions are less effective at restoring your health. [mutagenic meat]
  9293 | D:10     | Gained mutation: You are robust. (+10% HP) [mutagenic meat]
  9294 | D:10     | Gained mutation: You have sharp fingernails. [mutagenic meat]
  9385 | D:10     | Noticed Josephine
  9395 | D:10     | Killed Josephine
  9395 | D:10     | Reached skill level 14 in Maces & Flails
  9957 | D:11     | Noticed a two-headed ogre
  9972 | D:10     | Killed a two-headed ogre
  9972 | D:10     | Received a gift from Trog
 10047 | D:11     | Noticed Harold
 10424 | D:11     | Killed Harold
 10486 | D:11     | Noticed a two-headed ogre
 10490 | D:11     | Noticed a two-headed ogre
 10493 | D:11     | Noticed Fannar
 10499 | D:11     | Killed a two-headed ogre
 10499 | D:11     | Reached skill level 15 in Maces & Flails
 10503 | D:11     | Killed a two-headed ogre
 10523 | D:11     | Killed Fannar
 10599 | D:11     | Noticed Maurice
 10607 | D:11     | Killed Maurice
 10608 | D:11     | Found a staircase to the Lair.
 10621 | D:11     | Reached XP level 12. HP: 38/121 MP: 11/11
 10937 | D:11     | Noticed a five-headed hydra
 10943 | D:11     | Killed a five-headed hydra
 10943 | D:11     | Received a gift from Trog
 10947 | D:11     | Got a jewelled quarterstaff {god gift}
 10948 | D:11     | Identified the +4 quarterstaff of Fortitude {antimagic, Str+2 Int+4} (Trog gifted it to you on level 11 of the Dungeon)
 11383 | D:12     | Reached skill level 1 in Staves
 11403 | D:12     | Noticed a two-headed ogre
 11408 | D:12     | Killed a two-headed ogre
 11521 | D:12     | Found Ylif's Armour Emporium.
 11521 | D:12     | Found a staircase to the Orcish Mines.
 11856 | D:12     | Found a portal to a secret trove of treasure.
 12310 | D:13     | Reached skill level 5 in Staves
 12650 | D:13     | Noticed a six-headed hydra
 12659 | D:13     | Killed a six-headed hydra
 12676 | D:13     | Received a gift from Trog
 12815 | D:13     | Gained mutation: Your spells are a little harder to cast, but a little more powerful. [mutagenic meat]
 12816 | D:13     | Gained mutation: You are weak. (Str -2) [mutagenic meat]
 12817 | D:13     | Lost mutation: You are robust. (+10% HP) [mutagenic meat]
 12855 | D:13     | Noticed Snorg
 13143 | D:13     | Killed Snorg
 13241 | D:13     | Noticed a centaur warrior
 13246 | D:13     | Killed a centaur warrior
 13246 | D:13     | Reached skill level 16 in Maces & Flails
 13609 | D:14     | Noticed a centaur warrior
 13615 | D:14     | Killed a centaur warrior
 13721 | D:14     | Reached XP level 13. HP: 103/119 MP: 12/12
 14138 | D:14     | HP: 6/183 [mirror damage (20)]
 14138 | D:14     | Killed by mirror damage

Skill      XL: |  1  2  3  4  5  6  7  8  9 10 11 12 13 |
---------------+----------------------------------------+-----
Maces & Flails | 4 5 6 8 10 12 13 15 16 | 16.9
Fighting       | 4 6 7 8 10 11 12 13 | 13.1
Armour         | 3 4 5 6 7 8 9 |  9.8
Dodging        | 3 4 5 7 8 9 |  9.2
Stealth        | 1 |  1.0
Slings         | 5 |  5.1
Staves         | 7 |  7.0
Evocations     | |  0.6

Action                   |  1- 3 |  4- 6 |  7- 9 | 10-12 | 13-15 || total
-------------------------+-------+-------+-------+-------+-------++-------
Melee: Mace              |    56 |   172 |   190 |    11 |       ||   429
       Headbutt          |     9 |    32 |    52 |   113 |    15 ||   221
       Great mace        |       |       |   112 |   319 |    40 ||   471
       Quarterstaff      |       |       |       |   172 |       ||   172
 Fire: Hunting sling     |       |       |       |    76 |       ||    76
Invok: Berserk           |       |     1 |     4 |     9 |     2 ||    16
       Burn Spellbooks   |       |       |     1 |       |       ||     1
       Brothers in Arms  |       |       |       |     3 |     2 ||     5
       Trog's Hand       |       |       |       |       |     1 ||     1
Evoke: Wand              |       |       |       |     3 |       ||     3
  Use: Scroll            |       |     5 |     4 |     9 |       ||    18
       Potion            |       |       |     2 |     9 |       ||    11
 Stab: Invisible         |       |       |       |     1 |       ||     1
       Paralysed         |       |       |       |     1 |       ||     1
  Eat: Meat ration       |       |     1 |     1 |     2 |       ||     4
       Bread ration      |       |     1 |     2 |     3 |       ||     6
       Fruit             |       |       |       |     7 |     7 ||    14
       Royal jelly       |       |       |       |     3 |       ||     3
       Chunk             |       |       |       |     9 |       ||     9
Armor: Chain mail        |    27 |    64 |       |    19 |    24 ||   134
       Leather armour    |       |    14 |    71 |       |       ||    85
       Ring mail         |       |       |       |   191 |       ||   191
Dodge: Dodged            |    51 |    70 |   227 |   440 |    27 ||   815
